 Dungeon Sprint DCSS version 0.18.1-48-g4cf74bf (webtiles) character file.

494 Joat the Basher (level 7, -27/61 HPs)
             Began as a Vine Stalker Fighter on Aug 18, 2016.
             Rolled over by a boulder beetle (30 damage)
             ... in the Dungeon (Sprint II: "The Violet Keep of Menkaure").
             The game lasted 00:02:43 (79 turns).

Joat the Basher (Vine Stalker Fighter)                Turns: 79, Time: 00:02:44

Health: -27/61     AC:  7    Str: 24    XL:     7   Next: 15%
Magic:  0/8        EV:  8    Int:  8    God:
Gold:   486        SH: 11    Dex: 15    Spells: 0 memorised, 6 levels left

rFire  . . .     SeeInvis .     a - +0 flail
rCold  . . .     Gourm    .     b - +0 scale mail
rNeg   . . .     Faith    .     c - +0 shield
rPois  .         Spirit   +     (no helmet)
rElec  .         Dismiss  .     (no cloak)
rCorr  .         Reflect  .     (no gloves)
SustAt .         Harm     .     (no boots)
MR     .....     NoTele   +     (no amulet)
Stlth  ..........               (no ring)
                                (no ring)

@: berserking, very quick, not resistant to hostile enchantments, extremely
unstealthy
A: fangs 2, regeneration 2, magic shield, antimagic bite, no device heal 3, rot
immunity
a: no special abilities


You were in the Dungeon.
You were not hungry.

You visited 1 branch You collected 486 gold pieces.

Inventory:

Hand Weapons
 a - a +0 flail (weapon)
Armour
 b - a +0 scale mail (worn)
 c - a +0 shield (worn)
Scrolls
 k - a scroll of blinking
Potions
 e - a potion of curing
 g - a potion of heal wounds
 h - a potion of haste
 i - 2 potions of magic
Comestibles
 d - 5 chunks of flesh
 f - a bread ration


   Skills:
 + Level 6.6 Fighting
 * Level 8.9 Maces & Flails
 + Level 6.0 Armour
 + Level 6.6 Shields


You had 6 spell levels left.
You didn't know any spells.

Dungeon Overview and Level Annotations

Branches:
Dungeon (1/1)

Altars:


Innate Abilities, Weirdness & Mutations

You have extremely sharp teeth.
You heal very quickly.
When hurt, damage is shared between your health and your magic reserves.
Your bite disrupts and absorbs the magic of your enemies.
Potions and wands cannot restore your health.
You are immune to rotting.


Message History

You hit the boulder beetle but do no damage.
You bite the boulder beetle, but do no damage.
The boulder beetle is severely wounded.
You sock the boulder beetle! You bite the boulder beetle! You drain its power.
You feel invigorated.
The boulder beetle is almost dead.
The boulder beetle bites you!
* * * LOW HITPOINT WARNING * * *
You sock the boulder beetle!
You kill the boulder beetle!
Your Armour skill increases to level 6!
You have reached level 7!
The boulder beetle curls into a ball and starts rolling!
You sock the boulder beetle!
You bite the boulder beetle, but do no damage.
The boulder beetle is moderately wounded.
You sock the boulder beetle! Your bite misses the boulder beetle.
The boulder beetle is heavily wounded.
The boulder beetle smashes into you!
You die...

## ## ##.
.## .. ..
ยง#$ ###
#B###.##
##@##...#
+.<.'.#.+
##.##.).#
#'###.##
#..####
##..#
#.## +##


You could see a boulder beetle.

Vanquished Creatures
  A siren (D)
  A boulder beetle (D)
  2 worms (D)
4 creatures vanquished.

Vanquished Creatures (others)
  Menkaure (D)
  A crocodile (D)
2 creatures vanquished.

Grand Total: 6 creatures vanquished

Notes
Turn   | Place    | Note
--------------------------------------------------------------
     0 | D        | Joat the Vine Stalker Fighter began the quest for the Orb.
     0 | D        | Reached XP level 1. HP: 11/11 MP: 2/2
     1 | D        | Noticed a siren
    23 | D        | Killed Menkaure
    26 | D        | Killed a siren
    26 | D        | Reached skill level 8 in Maces & Flails
    26 | D        | Reached skill level 5 in Armour
    26 | D        | Reached XP level 2. HP: 19/19 MP: 3/3
    26 | D        | Reached XP level 3. HP: 23/23 MP: 4/4
    26 | D        | Reached XP level 4. HP: 28/28 MP: 5/5
    26 | D        | Reached XP level 5. HP: 32/32 MP: 6/6
    26 | D        | Gained mutation: You heal very quickly. [Vine Stalker growth]
    26 | D        | Reached XP level 6. HP: 36/36 MP: 7/7
    54 | D        | Noticed a boulder beetle
    54 | D        | Noticed a boulder beetle
    76 | D        | HP: 1/54 [boulder beetle (4)]
    77 | D        | Killed a boulder beetle
    77 | D        | Reached XP level 7. HP: 2/41 MP: 1/8
    79 | D        | Rolled over by a boulder beetle

Skill      XL: |  1  2  3  4  5  6 |
---------------+-------------------+-----
Fighting       | 6 |  6.6
Maces & Flails | 8 |  8.9
Armour         | 5 6 |  6.0
Shields        | 6 |  6.6

Action                   |  1- 3 |  4- 6 |  7- 9 || total
-------------------------+-------+-------+-------++-------
Melee: Flail             |    22 |    24 |     2 ||    48
       Bite              |     4 |    14 |     1 ||    19
  Use: Potion            |     1 |     1 |       ||     2
 Stab: Confused          |       |     3 |       ||     3
Armor: Scale mail        |     1 |     1 |       ||     2
Dodge: Dodged            |     2 |     1 |       ||     3
Block: Shield            |     3 |     6 |       ||     9
